cohdb
Replays
Latest Replays
All Replays
Popular Replays
Top Player Replays
Match Explorer
How It Works
Community
CoH3 Stats
Reddit
Sign in to upload your games and track your stats! →
Sign in with Steam
Match 41706641
Unlisted
Match 41706641
Overview
Messages
Build Orders
End
Vickers Machine Gun Team
Vickers Machine Gun Team
Construct Section Command Post
Selects Canadian Shock Battlegroup
Dingo Light Scout Car
Infantry Section
Construct Platoon Command Post
Selects Attacking Spirit
Selects Canadian Shock Section
Construct Field Infirmary
Canadian Shock Section
Selects Incendiary Munitions
6-pounder Anti-tank Gun Team
Canadian Shock Section
Construct Company Command Post
Royal Engineer Section
Selects Smoke Operation
Smoke Operation
Crusader II Medium Tank
CMP 15cwt Truck
Canadian Shock Section
Crusader II Medium Tank
Foot Guards Section
mp5
Dawes
Nearin
Whitent
Craymar
pzkpfv11
sergux
{LEONTES}_yaboo
0
0
Comments
sign in to comment!
No comments posted yet!